 Dungeon Crawl Stone Soup version 0.31-a0-164-g2312942fda (webtiles) character file.

Game seed: 13241540495767200162

354 qw the Shooter (level 6, 0/57 HPs)
             Began as a Naga Hunter on June 13, 2023.
             Slain by an endoplasm (3 damage)
             ... on level 4 of the Dungeon.
             The game lasted 00:01:08 (3421 turns).

qw the Shooter (Naga Hunter)                        Turns: 3421, Time: 00:01:09

Health: 0/57       AC:  7    Str: 13    XL:     6   Next: 62%
Magic:  6/6        EV:  8    Int:  9    God:
Gold:   168        SH:  0    Dex: 17    Spells: 5/5 levels left

rFire   . . .        Y - +1 shortbow
rCold   . . .        (shield currently unavailable)
rNeg    . . .        d - +3 ring mail
rPois   +            (no helmet)
rElec   .            (no cloak)
rCorr   .            (no gloves)
SInv    +            (no barding)
Will    .....        (no amulet)
Stlth   +            (no ring)
HPRegen 0.29/turn    (no ring)
MPRegen 0.10/turn

%: no passive effects
@: about to teleport, short of breath, weakened, very slow
A: AC +2, large, see invisible, deformed body, poison resistance, slowness 2,
spit poison 1, naga tail 1
a: Spit Poison


You were on level 4 of the Dungeon.
You visited 1 branch of the dungeon, and saw 4 of its levels.

You collected 168 gold pieces.


Innate Abilities, Weirdness & Mutations

Your serpentine skin is tough. (AC +2)
You have supernaturally acute eyesight. (SInv)
Armour fits poorly on your strangely shaped body.
Your system is resistant to poisons. (rPois)
You cover ground very slowly.
You can spit poison.
You have a snake-like lower body.


   Skills:
 - Level 4.1 Fighting
 - Level 6.1 Ranged Weapons
 + Level 0.2 Armour
 - Level 1.5 Dodging
 - Level 1.5 Stealth


You had 5 spell levels left.
You didn't know any spells.
Your spell library was empty.

Inventory:

Hand Weapons
 Y - a +1 shortbow (weapon)
Armour
 d - a +3 ring mail (worn)
Scrolls
 i - 3 scrolls of identify
Potions
 b - a potion of curing
 e - a potion of haste {unknown}
 f - a potion of berserk rage {unknown}
 g - a potion of enlightenment {unknown}

Dungeon Overview and Level Annotations

Branches:
Dungeon (4/15)
 Temple: D:4-7

Altars:
Cheibriados
Hepliaklqana
Sif Muna
Vehumet
Yredelemnul

Shops:
D:2 [   D:4 [


Message History

You kill the gnoll bouda!
The gnoll hits you with a +0 flail. The gnoll barely misses you.
Your Fighting skill increases to level 4!
You shoot an arrow. The arrow hits the gnoll.
The gnoll is lightly wounded.
The gnoll hits you with a +0 flail.
You shoot an arrow. The arrow closely misses the gnoll.
You have got your breath back.
The gnoll hits you with a +0 flail! The gnoll completely misses you.
3415 ||| INVOKING Spit Poison.
Aiming: Spit Poison (1% risk of failure)
Press: ? - help, Shift-Dir - straight line, f/p - gnoll The splash of poison hits the gnoll!
The gnoll is poisoned.
You kill the gnoll!
The gnoll hits you with a +0 flail.
You shoot an arrow. The arrow closely misses the gnoll.
The gnoll hits you with a +0 flail!
You shoot an arrow. The arrow hits the gnoll.
The gnoll is lightly wounded.
The gnoll hits you but does no damage. x2
You shoot an arrow. The arrow hits the gnoll!
The gnoll is severely wounded.
The endoplasm hits you but does no damage.
The gnoll hits you with a +0 flail.
You shoot an arrow. The arrow hits the gnoll.
The gnoll is almost dead.
You have got your breath back.
The endoplasm barely misses you. The gnoll hits you with a +0 flail.
3420 ||| READING scroll of teleportation.
As you read the scroll of teleportation, it crumbles to dust.
You feel strangely unstable. The endoplasm hits you.
The gnoll hits you with a +0 flail!
3421 ||| INVOKING Spit Poison.
Aiming: Spit Poison (1% risk of failure)
Press: ? - help, Shift-Dir - straight line, f/p - gnoll The splash of poison hits the gnoll but does no damage.
The gnoll is almost dead.
The endoplasm jiggles.
The endoplasm hits you.
You die...

#.......##..#
##... ##....###
#.# ##.... #..>.##
##.# #.....
####...%####...#
#.####
...............#
#.##
...##......###.#
#..## .. #...#.##
#...## #
#..##..###.##
#..#..# #..
#g@.....#
....###..
#....J)####..#....
#.. #......#
....#......
...####.#
.#######... .^ #.#
##.( . #.. #...
#.. .... ... ....


You could see a gnoll and an endoplasm.

Vanquished Creatures
  2 scorpions (D:4)
  A gnoll bouda (D:4)
  2 orc wizards (D:4)
  A gnoll (D:4)
  6 adders
  A dart slug (D:3)
  A worm (D:3)
  9 orcs
  4 endoplasms
  7 giant cockroaches
  2 goblins (D:1)
  9 hobgoblins
  3 jackals (D:2)
  10 kobolds
  5 quokkas
  8 ball pythons
  9 bats
  A frilled lizard (D:2)
  5 rats
86 creatures vanquished.

Notes
Turn   | Place    | Note
-------+----------+-------------------------------------------
     0 | D:1      | qw the Naga Hunter began the quest for the Orb.
     0 | D:1      | Reached XP level 1. HP: 19/19 MP: 1/1
     0 | D:1      | 0 ||| qw: Version: 0.2-a-29-gc1b59c4
     0 | D:1      | 0 ||| qw: Game counter: 4505
     0 | D:1      | 0 ||| qw: Always use a shield: true
     0 | D:1      | 0 ||| qw: God list: Okawaru
     0 | D:1      | 0 ||| qw: Allow faded altars: false
     0 | D:1      | 0 ||| qw: Do Orc after D:15 true
     0 | D:1      | 0 ||| qw: Do second Lair branch before Depths: true
     0 | D:1      | 0 ||| qw: Lair rune preference: random
     0 | D:1      | 0 ||| qw: Plans: Normal
     0 | D:1      | 0 ||| PLANNING D:1-11
    96 | D:1      | 96 ||| INVOKING Spit Poison.
   112 | D:1      | 112 ||| INVOKING Spit Poison.
   116 | D:1      | Reached skill level 4 in Ranged Weapons
   116 | D:1      | Reached XP level 2. HP: 26/26 MP: 2/2
   117 | D:1      | 117 ||| INVOKING Spit Poison.
   218 | D:1      | 218 ||| INVOKING Spit Poison.
   256 | D:1      | 256 ||| INVOKING Spit Poison.
   278 | D:1      | 278 ||| INVOKING Spit Poison.
   340 | D:1      | 340 ||| INVOKING Spit Poison.
   347 | D:1      | 347 ||| INVOKING Spit Poison.
   351 | D:1      | 351 ||| INVOKING Spit Poison.
   411 | D:1      | 411 ||| INVOKING Spit Poison.
   414 | D:1      | 414 ||| INVOKING Spit Poison.
   418 | D:1      | 418 ||| INVOKING Spit Poison.
   640 | D:1      | 640 ||| READING scroll labelled HIFURGH PYNGE.
   687 | D:1      | 687 ||| READING scroll labelled CAXEC VOHUXI.
   688 | D:1      | 688 ||| READING scroll labelled TUTYOKHL WAYST.
   689 | D:1      | 689 ||| DROPPING scroll of butterflies.
   733 | D:2      | 733 ||| INVOKING Spit Poison.
   736 | D:2      | 736 ||| FLEEEEING.
   738 | D:2      | 738 ||| FLEEEEING.
   739 | D:2      | 739 ||| STAIRDANCE
   754 | D:2      | 754 ||| INVOKING Spit Poison.
   755 | D:2      | Reached XP level 3. HP: 32/32 MP: 3/3
   759 | D:2      | 759 ||| INVOKING Spit Poison.
   774 | D:2      | 774 ||| INVOKING Spit Poison.
   805 | D:2      | 805 ||| INVOKING Spit Poison.
   855 | D:2      | 855 ||| INVOKING Spit Poison.
   876 | D:2      | 876 ||| INVOKING Spit Poison.
   924 | D:2      | 924 ||| INVOKING Spit Poison.
   929 | D:2      | 929 ||| INVOKING Spit Poison.
   933 | D:2      | Reached skill level 5 in Ranged Weapons
   933 | D:2      | Reached XP level 4. HP: 30/39 MP: 4/4
  1005 | D:2      | 1005 ||| INVOKING Spit Poison.
  1039 | D:2      | 1039 ||| INVOKING Spit Poison.
  1047 | D:2      | Found Hecsof's Antique Armour Emporium.
  1056 | D:2      | 1056 ||| SHOPLISTING helmet (81 gold, have 40).
  1056 | D:2      | 1056 ||| SHOPLISTING runed leather armour (90 gold, have
                  | 40).
  1107 | D:2      | Found a snail-covered altar of Cheibriados.
  1121 | D:2      | 1121 ||| INVOKING Spit Poison.
  1127 | D:2      | 1127 ||| INVOKING Spit Poison.
  1130 | D:2      | 1130 ||| INVOKING Spit Poison.
  1137 | D:2      | 1137 ||| INVOKING Spit Poison.
  1140 | D:2      | 1140 ||| INVOKING Spit Poison.
  1143 | D:2      | 1143 ||| INVOKING Spit Poison.
  1299 | D:2      | 1299 ||| INVOKING Spit Poison.
  1302 | D:2      | 1302 ||| INVOKING Spit Poison.
  1643 | D:2      | 1643 ||| INVOKING Spit Poison.
  1714 | D:2      | 1714 ||| READING 3 scrolls labelled OMOEWNE TUBLI.
  1719 | D:2      | 1719 ||| READING scroll labelled ECRUNE IPSIA.
  1820 | D:2      | 1820 ||| READING scroll labelled NEALIORPHU RYUMM.
  1845 | D:3      | 1845 ||| INVOKING Spit Poison.
  1848 | D:3      | 1848 ||| INVOKING Spit Poison.
  1859 | D:3      | 1859 ||| INVOKING Spit Poison.
  1865 | D:3      | 1865 ||| INVOKING Spit Poison.
  1867 | D:3      | HP: 7/40 [hobgoblin/+0 trident (5)]
  1868 | D:3      | 1868 ||| READING 2 scrolls of teleportation.
  1869 | D:3      | 1869 ||| INVOKING Spit Poison.
  2062 | D:3      | 2062 ||| INVOKING Spit Poison.
  2066 | D:3      | 2066 ||| INVOKING Spit Poison.
  2070 | D:3      | 2070 ||| INVOKING Spit Poison.
  2171 | D:3      | 2171 ||| INVOKING Spit Poison.
  2204 | D:3      | Found a hazy altar of Hepliaklqana.
  2291 | D:3      | 2291 ||| INVOKING Spit Poison.
  2297 | D:3      | Reached skill level 3 in Fighting
  2301 | D:3      | Identified the +7 chain mail of Mumblety Peg {Regen+ Int+2}
  2310 | D:3      | Found a radiant altar of Vehumet.
  2313 | D:3      | Found a basalt altar of Yredelemnul.
  2378 | D:3      | 2378 ||| INVOKING Spit Poison.
  2548 | D:3      | Found a snail-covered altar of Cheibriados.
  2626 | D:3      | 2626 ||| INVOKING Spit Poison.
  2661 | D:3      | 2661 ||| INVOKING Spit Poison.
  2732 | D:3      | Found a shimmering blue altar of Sif Muna.
  2831 | D:3      | 2831 ||| UPGRADING to +3 ring mail.
  2841 | D:3      | 2841 ||| DROPPING +0 leather armour.
  2842 | D:3      | 2842 ||| READING scroll labelled SOBIRABADGH.
  2843 | D:3      | 2843 ||| DRINKING 2 purple potions.
  2929 | D:4      | Noticed a scorpion
  2930 | D:4      | 2930 ||| INVOKING Spit Poison.
  2934 | D:4      | 2934 ||| INVOKING Spit Poison.
  2938 | D:4      | 2938 ||| INVOKING Spit Poison.
  2939 | D:4      | Killed a scorpion
  2940 | D:4      | Reached XP level 5. HP: 47/49 MP: 5/5
  2965 | D:4      | 2965 ||| INVOKING Spit Poison.
  2974 | D:4      | 2974 ||| INVOKING Spit Poison.
  2979 | D:4      | 2979 ||| INVOKING Spit Poison.
  3016 | D:4      | 3016 ||| INVOKING Spit Poison.
  3021 | D:4      | Reached skill level 6 in Ranged Weapons
  3021 | D:4      | Reached XP level 6. HP: 55/56 MP: 6/6
  3051 | D:4      | 3051 ||| INVOKING Spit Poison.
  3087 | D:4      | 3087 ||| INVOKING Spit Poison.
  3101 | D:4      | 3101 ||| INVOKING Spit Poison.
  3106 | D:4      | 3106 ||| INVOKING Spit Poison.
  3112 | D:4      | 3112 ||| INVOKING Spit Poison.
  3117 | D:4      | 3117 ||| INVOKING Spit Poison.
  3123 | D:4      | 3123 ||| INVOKING Spit Poison.
  3123 | D:4      | HP: 13/57 [orc/+0 hand axe (3)]
  3124 | D:4      | 3124 ||| READING 2 scrolls of teleportation.
  3126 | D:4      | 3126 ||| INVOKING Spit Poison.
  3309 | D:4      | 3309 ||| INVOKING Spit Poison.
  3338 | D:4      | 3338 ||| INVOKING Spit Poison.
  3345 | D:4      | 3345 ||| INVOKING Spit Poison.
  3348 | D:4      | Found Qegugaj's Armour Boutique.
  3350 | D:4      | 3350 ||| INVOKING Spit Poison.
  3365 | D:4      | 3365 ||| READING scroll labelled IDGHUM FIOZ.
  3392 | D:4      | 3392 ||| INVOKING Spit Poison.
  3405 | D:4      | 3405 ||| INVOKING Spit Poison.
  3410 | D:4      | 3410 ||| INVOKING Spit Poison.
  3415 | D:4      | 3415 ||| INVOKING Spit Poison.
  3419 | D:4      | HP: 14/57 [gnoll/+0 flail[a gnoll bouda] (4)]
  3420 | D:4      | 3420 ||| READING scroll of teleportation.
  3420 | D:4      | HP: 3/57 [gnoll/+0 flail[a gnoll bouda] (8)]
  3421 | D:4      | 3421 ||| INVOKING Spit Poison.
  3421 | D:4      | Slain by an endoplasm

Levels and vault maps discovered:
D:1:      eino_arrival_cavern_a, layout_loops_ring, dreamdust_mushroom_princess,
          st_stairs_4
D:2:      layout_basic, basic_altar, serial_shops, shop,
          corexii_item_surrounded_by_moat
D:3:      layout_loops_cross, led_sif_pool, nicolae_overflow_hidden_temple,
          worldfamousw_hep_ancestral_shrine, chei_slow_surprise, serial_rivers,
          chequers_serial_rivers_micro_a, chequers_serial_rivers_micro_c,
          chequers_serial_rivers_large_b, chequers_serial_rivers_micro_c,
          kennysheep_generic_room_5
D:4:      layout_layer_cave, mainiacjoe_overflow_alcove_2, serial_shops, shop,
          minmay_misc_feat_secret_circle

Skill      XL: |  1  2  3  4  5  6 |
---------------+-------------------+-----
Ranged Weapons | 4 5 6 |  6.1
Fighting       | 3 4 |  4.1
Armour         | |  0.2
Dodging        | |  1.5
Stealth        | |  1.5

Action                     |  1- 3 |  4- 6 || total
---------------------------+-------+-------++-------
   Fire: Shortbow          |    61 |   122 ||   183
Ability: Spit Poison       |    21 |    48 ||    69
    Use: Scroll            |     3 |     8 ||    11
         Potion            |       |     1 ||     1
 Armour: Leather armour    |     5 |    17 ||    22
         Ring mail         |       |    20 ||    20
  Dodge: Dodged            |    14 |    59 ||    73

Table legend:
 A = Non-vault XP
 B = Vault XP
 C = Vault XP percentage of total XP
 D = Non-vault monster count
 E = Vault monster count
 F = Vault count percentage of total count
                 A         B        C        D         E       F
            +---------+---------+-------+---------+---------+-------
      Total |     495 |      11 |   2.2 |      80 |       6 |   7.0
            +---------+---------+-------+---------+---------+-------
        D:1 |      28 |       3 |   9.7 |      18 |       2 |  10.0
        D:2 |      75 |       0 |   0.0 |      23 |       0 |   0.0
        D:3 |      45 |       8 |  15.1 |      16 |       4 |  20.0
        D:4 |     347 |       0 |   0.0 |      23 |       0 |   0.0
            +---------+---------+-------+---------+---------+-------
